 Dungeon Crawl Stone Soup version 0.31-a0-188-g5e087ee2ca (webtiles) character file.

Game seed: 2943040794301188251

212023 Anon1729 the Impregnable (level 18, -5/162 (166) HPs)
             Began as a Minotaur Monk on June 23, 2023.
             Was a Follower of Uskayaw.
             Killed from afar by a will-o-the-wisp (37 damage)
             ... with a foxfire
             ... on level 4 of the Swamp.
             The game lasted 00:42:48 (40344 turns).

Anon1729 the Impregnable (Minotaur Monk)           Turns: 40344, Time: 00:42:49

HP:   -5/162 (166)  AC: 28    Str: 20    XL:     18   Next: 23%
MP:   31/36         EV: 20    Int: 11    God:    Uskayaw [*.....]
Gold: 2125          SH:  0    Dex: 20    Spells: 17/17 levels left

rFire   . . .        a - +2 dagger (elec)
rCold   . . .        d - orb {light}
rNeg    . . .        u - +1 plate armour {rPois}
rPois   +            Y - +3 hat of Pondering {ponderous, Will+ MP+10 Int+5}
rElec   .            v - +0 cloak
rCorr   .            Z - +1 pair of gloves
SInv    .            (no boots)
Will    +++..        (no amulet) Stlth
                     y - +5 ring of evasion
HPRegen 0.47/turn    k - +4 ring of slaying
MPRegen 0.25/turn

%: no passive effects
@: glowing, lightly drained, slow
A: horns 2, retaliatory headbutt, strong-willed 1, strong 1
}: 1/15 runes: gossamer
a: Renounce Religion, Stomp


You were on level 4 of the Swamp.
You worshipped Uskayaw.
Uskayaw was pleased with you.
You visited 5 branches of the dungeon, and saw 30 of its levels.
You also visited: Ice Cave.

You collected 3504 gold pieces.
You spent 1379 gold pieces at shops.

Inventory:

Hand Weapons
 a - a +2 dagger of electrocution (weapon)
Missiles
 K - a throwing net
Armour
 d - an orb of light (worn)
 u - a +1 plate armour of poison resistance (worn)
 v - a +0 cloak (worn)
 F - +2 shadow dragon scales
 Y - the +3 hat of Pondering (worn) {ponderous, Will+ MP+10 Int+5}
   (You took it off Gastronok on level 3 of the Lair of Beasts)

   Int:       It affects your intelligence (+5).
   MP:        It affects your magic capacity (+10).
   Will:      It increases your willpower.
 Z - a +1 pair of gloves (worn)
Jewellery
 k - a +4 ring of slaying (right hand)
 l - a ring of fire
 y - a +5 ring of evasion (left hand)
 D - a +6 ring of dexterity
 N - a ring of protection from cold
 O - a ring of resist corrosion
Wands
 b - a wand of mindburst (6)
 L - a wand of roots (8)
 M - a wand of charming (26)
 T - a wand of light (23)
 U - a wand of digging (5)
 W - a wand of polymorph (29)
Scrolls
 g - 5 scrolls of poison
 i - 7 scrolls of enchant armour
 m - a scroll of silence
 n - a scroll of butterflies
 p - 7 scrolls of revelation
 q - 6 scrolls of immolation
 w - 8 scrolls of teleportation
 x - 4 scrolls of blinking
 A - 3 scrolls of enchant weapon
 C - 5 scrolls of vulnerability
 G - 5 scrolls of fear
 H - 3 scrolls of fog
 J - 2 scrolls of brand weapon
 S - 4 scrolls of identify
Potions
 c - 3 potions of ambrosia
 e - 4 potions of lignification
 f - a potion of berserk rage
 h - 6 potions of attraction
 j - 2 potions of magic
 s - 2 potions of cancellation
 t - a potion of curing
 z - 5 potions of enlightenment
 B - 3 potions of resistance
 E - 7 potions of might
 I - 3 potions of heal wounds
 P - 2 potions of mutation
 Q - 3 potions of haste
 V - a potion of invisibility
 X - 5 potions of brilliance
Miscellaneous
 o - a phial of floods
 r - a phantom mirror
 R - a condenser vane


   Skills:
 + Level 16.1 Fighting
 * Level 17.7 Short Blades
 * Level 21.0 Armour
 + Level 14.5 Dodging
 + Level 12.8 Invocations
 + Level 8.8 Evocations


You had 17 spell levels left.
You didn't know any spells.
Your spell library contained the following spells:

 Spells                   Type           Power      Damage    Failure   Level
 Beastly Appendage        Tmut           0%         N/A       94%         1
 Freeze                   Ice            0%         1d3       94%         1
 Necrotise                Necr           0%         1d4       94%         1
 Sandblast                Erth           0%         2d4       94%         1
 Sting                    Tmut/Pois      0%         1d3       94%         1
 Ensorcelled Hibernation  Hex/Ice        0%         N/A       98%         2
 Passwall                 Tmut/Erth      0%         N/A       98%         2
 Poisonous Vapours        Pois/Air       0%         N/A       98%         2
 Wereblood                Tmut           0%         N/A       98%         2
 Frozen Ramparts          Ice            0%         1d1       100%        3
 Hailstorm                Conj/Ice       0%         3d3       100%        3
 Inner Flame              Hex/Fire       0%         N/A       100%        3
 Ozocubu's Armour         Ice            0%         N/A       100%        3
 Portal Projectile        Hex/Tloc       0%         N/A       100%        3
 Spider Form              Tmut/Pois      0%         N/A       100%        3
 Stone Arrow              Conj/Erth      0%         3d7       100%        3
 Swiftness                Air            0%         N/A       100%        3
 Tukima's Dance           Hex            0%         N/A       100%        3
 Vampiric Draining        Necr           0%         2d6       100%        3
 Vhi's Electric Charge    Tloc/Air       0%         N/A       100%        3
 Animate Armour           Summ/Erth      0%         N/A       100%        4
 Animate Dead             Necr           0%         N/A       100%        4
 Flame Wave               Conj/Fire      0%         2d4       100%        4
 Leda's Liquefaction      Hex/Erth       0%         N/A       100%        4
 Olgreb's Toxic Radiance  Pois           0%         N/A       100%        4
 Passage of Golubria      Tloc           0%         N/A       100%        4
 Sticky Flame             Conj/Fire      0%         2d3       100%        4
 Summon Lightning Spire   Summ/Air       0%         N/A       100%        4
 Agony                    Necr           0%         N/A       100%        5
 Arcjolt                  Conj/Air       0%         1d10      100%        5
 Blade Hands              Tmut           0%         N/A       100%        5
 Borgnjor's Vile Clutch   Necr/Erth      0%         N/A       100%        5
 Lee's Rapid Deconstruct  Erth           0%         3d4*      100%        5
 Metabolic Englaciation   Hex/Ice        0%         N/A       100%        5
 Yara's Violent Unravell  Hex/Tmut       0%         3d3       100%        5
 Death Channel            Necr           0%         N/A       100%        6
 Leda's Unmaking          Conj/Erth      0%         9d1       100%        6
 Simulacrum               Ice/Necr       0%         N/A       100%        6
 Statue Form              Tmut/Erth      0%         N/A       100%        6
 Ozocubu's Refrigeration  Ice            0%         4d7       100%        7
 Maxwell's Capacitive Co  Air            0%         ∞         100%        8
 Polar Vortex             Ice            0%         N/A       100%        9


Dungeon Overview and Level Annotations

Branches:
Dungeon (15/15)            Temple (0/1) D:7            Lair (5/5) D:11
  Swamp (4/4) Lair:2       Spider (4/4) Lair:3        Slime (0/5) Lair:4
    Orc (2/2) D:9             Elf (0/3) Orc:2        Vaults (0/5) D:14
 Depths (0/4) D:15          IceCv (visited)

Altars:
Ashenzari
Cheibriados
Elyvilon
Gozag
Makhleb
Trog
Uskayaw
Vehumet
Xom
Zin
Jiyva

Shops:
D:7 ?   D:9 (   D:12 *   D:15 *[[   Orc:2 (((

Annotations:
D:3 exclusion: statue
Lair:5 3 runed translucent doors, rigao's ghost, journeyman DEIE


Innate Abilities, Weirdness & Mutations

You have a pair of horns on your head.
You reflexively headbutt those who attack you in melee.
You are strong-willed. (Will+)
Your muscles are strong. (Str +4, Int/Dex -1)


Message History

The spectral eight-headed hydra closely misses you.
The spectral eight-headed hydra misses you.
The spectral eight-headed hydra bites you!
* * * LOW HITPOINT WARNING * * *
The spectral eight-headed hydra fades away!
The alligator is engulfed in spectral mist. x2
The spectral spriggan berserker hits you but does no damage.
A five-headed hydra comes into view.
You hear a crashing sound.
You enter the shallow water.
Moving in this stuff is going to be slow.
The spectral seven-headed hydra fades away!
You hit the spectral spriggan berserker.
You headbutt the spectral spriggan berserker.
The spectral spriggan berserker is lightly damaged.
The spectral spriggan berserker completely misses you.
You hear a crashing sound.
You hit the spectral spriggan berserker but do no damage.
You headbutt the spectral spriggan berserker!
The spectral spriggan berserker is lightly damaged.
You hit the spectral spriggan berserker.
Lightning courses through the spectral spriggan berserker!
The spectral spriggan berserker is moderately damaged.
The sentinel's mark upon you fades away.
The alligator is engulfed in spectral mist.
The spectral spriggan berserker hits you.
* * * LOW HITPOINT WARNING * * *
You hit the spectral spriggan berserker.
The spectral spriggan berserker is moderately damaged.
Your surroundings suddenly seem different.
A will-o-the-wisp comes into view.
Found a potion of berserk rage and 16 gold pieces.
Okay, then.
The will-o-the-wisp gestures.
The will-o-the-wisp conjures some foxfire! 2 foxfires come into view.
You enter the shallow water.
Moving in this stuff is going to be slow.
The foxfire hits you!!!
You die...

***♣*♣,~*♣~..~~~.~.*~,,,*
* ♣≈#.**♣..~..~.~.,,.~**
* ♣≈≈.♣*#....♣~~.♣♣~~♣*
** *♣~#~♣♣.§.~~§.♣.♣~.,*
~* ♣♣≈§~♣§~§..~♣...♣,♣*
***♣♣≈≈v§v..~§.....♣♣~♣♣
* *~≈≈~≈.§....v.~~...~.♣*
*~≈≈#♣.~§.~.~.~^..~...*
*~≈≈~..~.§§§§v@.♣,**~** *
*♣~~≈.~..♣..~.~.~♣**** *
♣♣♣♣♣.♣♣♣♣♣~♣♣~♣♣ * ♣♣*
♣♣♣*♣♣


You could see a will-o-the-wisp.

Vanquished Creatures
  Arachne (Spider:4)
  Rupert (D:15)
  Gastronok (Lair:3)
  A thorn hunter (Swamp:3)
  A frost giant (IceCv)
  4 emperor scorpions
  Louise (D:15)
  4 ghost moths
  4 broodmothers
  An ironbound preserver (D:14)
  The ghost of t4s4d4r the Convoker, a journeyman FeSu of Gozag (Swamp:2)
  A bunyip (Swamp:1)
  An eleionoma (Swamp:4)
  6 spark wasps
  An ettin (D:15)
  2 entropy weavers
  A shambling mangrove (Swamp:2)
  13 hydras
  An ogre mage (D:15)
  Erolcha (D:11)
  2 ghost crabs
  4 radroaches
  The ghost of Wupi the Nimble, a journeyman DECj of Sif Muna (D:13)
  A death knight (D:12)
  3 jorogumos (Spider:4)
  6 boulder beetles
  8 centaur warriors
  5 alligators
  2 tengu warriors (D:14)
  A death scarab (Spider:2)
  14 death yaks
  3 two-headed ogres
  7 demonic crawlers
  3 orc high priests (Orc:2)
  6 goliath frogs
  2 sun moths (Spider:4)
  2 skysharks
  Amaemon (Lair:2)
  2 skeletal warriors (D:12)
  6 pharaoh ants
  3 swamp dragons
  3 bog bodies
  17 orb spiders
  Pikel (D:7)
  3 deep trolls (D:15)
  3 spriggan druids
  6 steelbarb worms
  5 orc knights (Orc:2)
  3 wizards
  A phantasmal warrior (D:12)
  2 deep elf pyromancers (D:14)
  8 ugly things
  2 manticores
  3 orc sorcerers (Orc:2)
  10 cyclopes
  24 wolf spiders
  6 moths of wrath
  2 will-o-the-wisps
  13 elephants (Lair:5)
  6 black mambas
  10 cane toads
  6 torpor snails
  An orange demon (Lair:2)
  8 rime drakes
  11 komodo dragons
  A yaktaur (D:13)
  2 kobold demonologists
  4 tengu conjurers
  15 polar bears
  3 trolls
  12 meliai
  12 tyrant leeches
  23 tarantellas
  17 blink frogs
  12 hornets
  7 dream sheep (Lair:5)
  7 slime creatures
  Sigmund (D:2)
  22 jumping spiders
  26 culicivoras
  22 spriggans
  A spriggan (shapeshifter) (D:15)
  6 wyverns
  71 yaks
  2 vampires (D:10)
  4 wraiths (D:12)
  4 basilisks
  4 vampire mosquitoes (D:11)
  A golden eye (shapeshifter) (D:14)
  61 redbacks
  2 steam dragons
  10 swamp worms
  2 wargs (Orc:2)
  2 acid dragons
  13 water moccasins
  21 orc warriors
  A meliai simulacrum (D:14)
  7 black bears
  4 ice beasts
  3 swamp drakes
  An ice beast (shapeshifter) (D:15)
  3 sky beasts (D:7)
  11 ogres
  4 boggarts (Lair:5)
  14 centaurs
  48 wolves
  4 phantoms
  A kobold brigand (D:9)
  15 bullfrogs
  3 gnoll sergeants
  2 scorpions
  3 wights (D:8)
  7 killer bees (D:9)
  An electric eel (Lair:5)
  5 jellies
  A hound (D:6)
  27 orc priests
  A sleepcap (D:7)
  5 iguanas
  6 hell rats
  22 orc wizards
  10 adders
  16 gnolls
  4 river rats (Lair:3)
  2 white imps
  2 ufetubi (D:5)
  3 worms
  2 dart slugs
  68 orcs
  7 ball pythons
  5 bats
  5 endoplasms
  A giant cockroach (D:2)
  8 goblins
  6 hobgoblins
  3 jackals (D:2)
  2 quokkas (D:1)
  2 frilled lizards
  17 kobolds
  17 rats
1052 creatures vanquished.

Vanquished Creatures (collateral kills)
  A jorogumo (Spider:4)
  A manticore (D:15)
  A tarantella (Spider:1)
3 creatures vanquished.

Vanquished Creatures (others)
  An emperor scorpion (Spider:4)
  2 hydras (Swamp:4)
  A boulder beetle (D:12)
  2 alligators (Swamp:4)
  A swamp dragon (Swamp:4)
  A spriggan druid (Swamp:1)
  3 bloated husks
  2 hornets (Swamp:3)
  A culicivora (Spider:2)
  A redback (Spider:2)
  3 swamp worms
  3 swamp drakes
  8 foxfires
29 creatures vanquished.

Grand Total: 1084 creatures vanquished

Notes
Turn   | Place    | Note
-------+----------+-------------------------------------------
     0 | D:1      | Anon1729 the Minotaur Monk began the quest for the Orb.
     0 | D:1      | Reached XP level 1. HP: 19/19 MP: 0/0
   230 | D:1      | Reached XP level 2. HP: 23/27 MP: 1/1
   365 | D:1      | Reached skill level 1 in Armour
   638 | D:1      | Reached skill level 1 in Invocations
  1012 | D:2      | Reached XP level 3. HP: 33/33 MP: 2/2
  1085 | D:2      | Found a hide-covered altar of Uskayaw.
  1099 | D:2      | Became a worshipper of Uskayaw the Reveller
  1099 | D:2      | Reached * piety under Uskayaw
  1133 | D:2      | Noticed Sigmund
  1136 | D:2      | Reached ** piety under Uskayaw
  1140 | D:2      | Killed Sigmund
  1140 | D:2      | Reached *** piety under Uskayaw
  1141 | D:2      | Reached skill level 2 in Armour
  1141 | D:2      | Reached XP level 4. HP: 40/41 MP: 4/4
  1141 | D:2      | Reached XP level 5. HP: 46/47 MP: 5/5
  1418 | D:2      | Found a faded altar of an unknown god.
  1673 | D:3      | Reached XP level 6. HP: 55/55 MP: 6/6
  1680 | D:3      | Reached skill level 3 in Armour
  1945 | D:3      | Found a snail-covered altar of Cheibriados.
  2013 | D:3      | Found a broken altar of Ashenzari.
  2048 | D:3      | Found a radiant altar of Vehumet.
  2160 | D:3      | Found an opulent altar of Gozag.
  2382 | D:3      | Reached skill level 5 in Fighting
  2712 | D:4      | Reached skill level 4 in Armour
  2802 | D:4      | Reached XP level 7. HP: 57/61 MP: 8/8
  2807 | D:4      | Reached **** piety under Uskayaw
  2808 | D:4      | Reached skill level 5 in Short Blades
  2843 | D:4      | Identified the +12 hand axe of Massacring {heavy, +Blink
                  | Str+3 Stlth+}
  2898 | D:4      | Reached skill level 5 in Dodging
  3191 | D:5      | Entered Level 5 of the Dungeon
  3255 | D:5      | Reached skill level 5 in Armour
  3637 | D:5      | Reached XP level 8. HP: 58/70 MP: 9/9
  3925 | D:5      | Reached skill level 6 in Armour
  4550 | D:6      | Found a white marble altar of Elyvilon.
  4619 | D:6      | Reached skill level 7 in Armour
  5160 | D:7      | Found a staircase to the Ecumenical Temple.
  5170 | D:7      | Found Ycsub's Magic Scroll Shop.
  5179 | D:7      | Reached XP level 9. HP: 57/79 MP: 11/11
  5182 | D:7      | Reached ***** piety under Uskayaw
  5187 | D:7      | Bought a scroll of butterflies for 52 gold pieces
  5187 | D:7      | Bought a scroll of enchant armour for 97 gold pieces
  5187 | D:7      | Bought a scroll of fear for 52 gold pieces
  5187 | D:7      | Bought a scroll of fog for 52 gold pieces
  5187 | D:7      | Bought a scroll of fear for 52 gold pieces
  5338 | D:7      | Reached skill level 8 in Armour
  5403 | D:7      | Found a burning altar of Makhleb.
  5409 | D:7      | Found a glowing silver altar of Zin.
  5409 | D:7      | Noticed an angel
  5410 | D:7      | Noticed a green death
  5659 | D:7      | Reached skill level 5 in Invocations
  5960 | D:7      | Found a bloodstained altar of Trog.
  5961 | D:7      | Noticed Pikel
  6012 | D:7      | Killed Pikel
  6013 | D:7      | Reached skill level 9 in Armour
  6286 | D:7      | Bought a scroll of teleportation for 39 gold pieces
  6286 | D:7      | Bought a scroll of identify for 26 gold pieces
  6286 | D:7      | Bought a scroll of teleportation for 39 gold pieces
  6286 | D:7      | Bought a scroll of noise for 13 gold pieces
  6286 | D:7      | Bought a scroll of brand weapon for 123 gold pieces
  6421 | D:8      | Reached XP level 10. HP: 88/88 MP: 13/13
  6443 | D:8      | Reached ****** piety under Uskayaw
  6924 | D:9      | Reached skill level 10 in Armour
  7077 | D:9      | Found a staircase to the Orcish Mines.
  7250 | D:9      | Found Rawkerph's Antique Weapon Emporium.
  8294 | D:10     | Entered Level 10 of the Dungeon
  8303 | D:10     | Reached skill level 11 in Armour
  8373 | D:10     | Found a shimmering altar of Xom.
  8784 | D:10     | Reached XP level 11. HP: 97/97 MP: 15/15
  9325 | D:11     | Reached skill level 12 in Armour
  9358 | D:11     | Noticed a white ugly thing
  9374 | D:11     | Killed a white ugly thing
  9523 | D:11     | Found a frozen archway.
  9545 | IceCv    | Entered an ice cave
  9613 | IceCv    | Noticed a death yak
  9616 | IceCv    | Noticed a death yak
  9620 | IceCv    | Reached skill level 10 in Fighting
  9624 | IceCv    | Killed a death yak
  9630 | IceCv    | Killed a death yak
  9667 | IceCv    | Noticed a white ugly thing
  9667 | IceCv    | Noticed a death yak
  9670 | IceCv    | Noticed a death yak
  9678 | IceCv    | Killed a death yak
  9679 | IceCv    | Reached skill level 13 in Armour
  9710 | IceCv    | Killed a death yak
  9718 | IceCv    | Killed a white ugly thing
 10459 | IceCv    | Reached XP level 12. HP: 34/107 MP: 15/17
 10651 | IceCv    | Noticed a death yak
 10667 | IceCv    | Killed a death yak
 10680 | IceCv    | Noticed a death yak
 10681 | IceCv    | Noticed a death yak
 10694 | IceCv    | Killed a death yak
 10694 | IceCv    | Killed a death yak
 10830 | IceCv    | Noticed a death yak
 10830 | IceCv    | Noticed a frost giant
 10836 | IceCv    | Reached skill level 10 in Short Blades
 10839 | IceCv    | Killed a frost giant
 10844 | IceCv    | Reached skill level 14 in Armour
 10874 | IceCv    | Killed a death yak
 11396 | D:11     | Found a staircase to the Lair.
 11402 | D:11     | Reached skill level 10 in Dodging
 11404 | D:11     | Noticed Erolcha
 11413 | D:11     | Killed Erolcha
 12172 | D:12     | Found Taozaju's General Store.
 12201 | D:12     | Bought a scroll of identify for 32 gold pieces
 12308 | D:12     | You fall into a shaft and drop 1 floor!
 12420 | D:13     | Noticed a centaur warrior
 12427 | D:13     | Reached skill level 1 in Evocations
 12430 | D:13     | Killed a centaur warrior
 12641 | D:13     | Noticed a two-headed ogre
 12648 | D:13     | Killed a two-headed ogre
 12815 | D:13     | Noticed a two-headed ogre
 12818 | D:13     | Noticed a centaur warrior
 12823 | D:13     | Killed a two-headed ogre
 12831 | D:13     | Killed a centaur warrior
 12832 | D:13     | Reached XP level 13. HP: 101/116 MP: 18/18
 13911 | Lair:1   | Entered Level 1 of the Lair of Beasts
 13921 | Lair:1   | Reached skill level 15 in Armour
 15306 | Lair:2   | Found a staircase to the Swamp.
 15463 | Lair:2   | Found a white marble altar of Elyvilon.
 15523 | Lair:2   | Noticed Amaemon
 15540 | Lair:2   | Killed Amaemon
 16372 | Lair:3   | Noticed Gastronok
 16401 | Lair:3   | Killed Gastronok
 17014 | Lair:3   | Reached skill level 16 in Armour
 17704 | Lair:3   | Found a hole to the Spider Nest.
 18198 | Lair:4   | Reached XP level 14. HP: 127/127 MP: 20/20
 18598 | Lair:4   | Found a staircase to the Slime Pits.
 18672 | Lair:4   | Found a viscous altar of Jiyva.
 19096 | Lair:5   | Entered Level 5 of the Lair of Beasts
 19115 | Lair:5   | Reached skill level 10 in Invocations
 19937 | Lair:5   | Identified the +1 quarterstaff "Jufirih" {flame, rF+ rN++}
 20045 | Lair:5   | Reached skill level 17 in Armour
 20264 | Lair:5   | Reached skill level 5 in Evocations
 20302 | Lair:5   | HP: 1/129 [komodo dragon (20)]
 20656 | Lair:5   | Found a runed translucent gate.
 20656 | Lair:5   | Found a runed translucent gate.
 20656 | Lair:5   | Found a runed translucent gate.
 20964 | Lair:5   | Noticed rigao's ghost (journeyman DEIE)
 21112 | Lair:5   | Reached XP level 15. HP: 133/136 MP: 21/21
 21895 | Orc:1    | Entered Level 1 of the Orcish Mines
 22133 | Orc:2    | Entered Level 2 of the Orcish Mines
 22169 | Orc:2    | Found a staircase to the Elven Halls.
 22640 | Orc:2    | Gained mutation: You are strong-willed. (Will+) [a neqoxec]
 22646 | Orc:2    | Gained mutation: Your muscles are strong. (Str +4, Int/Dex
                  | -1) [a neqoxec]
 23229 | Orc:2    | Found Dottit's Weapon Shoppe.
 23229 | Orc:2    | Found Pupih's Magic Scroll Boutique.
 23231 | Orc:2    | Found Fuinwyal's Weapon Boutique.
 23231 | Orc:2    | Found Maojeriw's Antique Weapon Shoppe.
 23315 | Orc:2    | Bought a scroll of identify for 30 gold pieces
 23315 | Orc:2    | Bought a scroll of silence for 142 gold pieces
 23315 | Orc:2    | Bought a scroll of identify for 30 gold pieces
 23315 | Orc:2    | Bought a scroll of butterflies for 60 gold pieces
 23315 | Orc:2    | Bought a scroll of fear for 60 gold pieces
 23315 | Orc:2    | Bought a scroll of immolation for 60 gold pieces
 23315 | Orc:2    | Bought a scroll of enchant armour for 112 gold pieces
 23315 | Orc:2    | Bought a scroll of enchant armour for 112 gold pieces
 23315 | Orc:2    | Bought a scroll of torment for 142 gold pieces
 23835 | D:13     | Found a runed translucent gate.
 23835 | D:13     | Found a runed translucent gate.
 23835 | D:13     | Found a runed translucent gate.
 23836 | D:13     | Noticed Wupi's ghost (journeyman DECj)
 24038 | D:13     | Identified the +2 robe of the Monkey {rN++ Stlth+}
 24069 | D:13     | Killed Wupi's ghost
 24145 | D:13     | Identified the +0 pair of gloves "Migimutt" {SInv}
 24463 | D:14     | Reached skill level 18 in Armour
 25236 | D:14     | Found a gate to the Vaults.
 25719 | D:15     | Entered Level 15 of the Dungeon
 25719 | D:15     | Noticed Rupert
 25720 | D:15     | Found Mausalef's Armour Boutique.
 25731 | D:15     | Killed Rupert
 26574 | D:15     | Reached skill level 15 in Short Blades
 26668 | D:15     | Reached XP level 16. HP: 143/146 MP: 23/23
 26755 | D:15     | Found a staircase to the Depths.
 26779 | D:15     | Found Sexyken's Armour Boutique.
 26878 | D:15     | Found Yrigaz's Assorted Antiques.
 26879 | D:15     | Noticed Louise
 26911 | D:15     | Killed Louise
 26942 | D:15     | Bought a yellow potion for 27 gold pieces
 26942 | D:15     | Bought a yellow potion for 27 gold pieces
 27358 | Spider:1 | Entered Level 1 of the Spider Nest
 27963 | Spider:1 | Identified the +1 leather armour of Hangman {rElec rF+
                  | Int+2}
 28529 | Spider:1 | Reached skill level 19 in Armour
 31994 | Spider:2 | Reached skill level 15 in Fighting
 32558 | Spider:3 | Reached XP level 17. HP: 62/156 MP: 25/25
 33640 | Spider:4 | Entered Level 4 of the Spider Nest
 33862 | Spider:4 | Reached skill level 20 in Armour
 34306 | Spider:4 | Noticed Arachne
 34316 | Spider:4 | Killed Arachne
 36017 | Spider:4 | Got a gossamer rune of Zot
 36186 | Swamp:1  | Entered Level 1 of the Swamp
 38706 | Swamp:2  | Found a runed translucent door.
 38706 | Swamp:2  | Noticed t4s4d4r's ghost (journeyman FeSu)
 38841 | Swamp:2  | Killed t4s4d4r's ghost
 39172 | Swamp:3  | Reached XP level 18. HP: 143/166 MP: 26/26
 40210 | Swamp:4  | Entered Level 4 of the Swamp
 40309 | Swamp:4  | Reached skill level 21 in Armour
 40344 | Swamp:4  | Killed from afar by a will-o-the-wisp

Illustrated notes

Levels and vault maps discovered:
D:1:      dpeg_arrival_concentric_ovals, layout_loops_ring
D:2:      layout_basic, dreamdust_ecumenical_altar_angels_and_demons,
          basic_altar, uniq_sigmund
D:3:      layout_basic, ashenzari_altar_1, vehumet_statue,
          mainiacjoe_overflow_24_doors, lemuel_doored_altar
D:4:      layout_rooms, kennysheep_generic_room_16
D:5:      layout_loops_corners, minmay_crystal_room, st_stairs_9
D:6:      layout_gridville, elyvilon_altar_5
D:7:      layout_basic, amcnicky_altar_gilded,
          grunt_temple_overflow_order_and_chaos_2, minmay_temple_entry_wispy,
          serial_shops, shop, minmay_gold_behind_fungi,
          chequers_serial_rivers_room_a, uniq_pikel
D:8:      layout_cave_pools, kennysheep_generic_room_14
D:9:      minmay_thinvault, layout_basic, hiddenorc1_lemuel, serial_shops,
          nicolae_shop_statue_plus
D:10:     layout_loops_ring, old_standard_altar, minmay_misc_feat_plants
D:11:     layout_basic, david_lair_generic, portal_ice_cave_entry_pillars_1,
          uniq_erolcha
D:12:     layout_rooms, serial_shops, shop
D:13:     layout_long_grid, biasface_ghost_orc_armoury
D:14:     wander_river, layout_loops_ring, skrybe_vaults_entry_preservation,
          minivault_21
D:15:     hangedman_depths_entry_civil_slaughter, layout_cave_pools,
          minmay_misc_feat_x, serial_shops, shop, nicolae_shop_statue_plus,
          shop, uniq_rupert, uniq_louise
Lair:1:   layout_roguey, beast_lair_carwin_9, grunt_megastairs_5
Lair:2:   layout_cellular_growth, swamp_mist, basic_altar, uniq_amaemon
Lair:3:   layout_cellular_growth, spider_nest_entry_webs,
          kennysheep_abandoned_house, uniq_gastronok
Lair:4:   layout_cave_shapes, minmay_slime_entry_pillars
Lair:5:   minmay_lair_end_enchanted_forest, layout_layer_cave,
          ebering_ghost_rock_garden, pdpol_lair_cavern_descent
Swamp:1:  layout_falls_marsh, evilmike_swamp_ruin_rubble_1
Swamp:2:  layout_falls_marsh, gammafunk_ghost_grave,
          evilmike_swamp_ruin_house_4, swamp_pool5
Swamp:3:  layout_falls_marsh, nicolae_swamp_triple_paths, swamp_pool4,
          nicolae_swamp_baby_hydras
Swamp:4:  swamp_old_school, layout_basic_swamp
Spider:1: layout_spider_delve
Spider:2: layout_spider_delve, nicolae_spider_claw_tunnel
Spider:3: layout_spider_delve
Spider:4: johnstein_spider_rune_arachne_lair
Orc:1:    layout_diamond_mine
Orc:2:    grunt_orc_tribal_feast, layout_diamond_mine, basic_altar

Skill      XL: |  1  2  3  4  5  6  7  8  9 10 11 12 13 14 15 16 17 18 |
---------------+-------------------------------------------------------+-----
Armour         | 1 2 4 5 7 9 11 13 14 16 17 18 19 20 21 | 21.0
Invocations    | 1 2 3 4 5 6 8 9 10 11 12 | 12.8
Fighting       | 4 5 6 7 8 9 10 11 12 13 14 15 16 | 16.1
Short Blades   | 4 5 6 7 8 9 10 12 13 15 16 17 | 17.7
Dodging        | 4 5 6 7 8 9 10 11 12 13 14 | 14.5
Evocations     | 1 3 5 6 7 8 |  8.8

Action                     |  1- 3 |  4- 6 |  7- 9 | 10-12 | 13-15 | 16-18 || total
---------------------------+-------+-------+-------+-------+-------+-------++-------
  Melee: Short sword       |    13 |       |       |       |       |       ||    13
         Headbutt          |    14 |    19 |    65 |   177 |   586 |   440 ||  1301
         Rapier            |    64 |    95 |   194 |   500 |    24 |       ||   877
         Dagger            |       |       |       |       |  1515 |  1262 ||  2777
 Invoke: Stomp             |       |     2 |       |     3 |     7 |    28 ||    40
         Line Pass         |       |       |       |     5 |     6 |    14 ||    25
         Grand Finale      |       |       |       |       |     2 |     2 ||     4
  Evoke: Wand              |       |       |       |     4 |     7 |     5 ||    16
         Phantom mirror    |       |       |       |       |     1 |     2 ||     3
         Condenser vane    |       |       |       |       |       |     1 ||     1
    Use: Scroll            |       |       |     5 |     2 |    15 |     9 ||    31
         Potion            |       |       |       |     2 |     3 |     9 ||    14
   Stab: Paralysed         |       |     2 |    13 |    58 |   117 |    90 ||   280
         Confused          |       |       |       |     4 |     3 |     2 ||     9
         Invisible         |       |       |       |     1 |     4 |       ||     5
         Distracted        |       |       |       |       |       |     1 ||     1
 Armour: Robe              |     9 |       |       |       |       |       ||     9
         Chain mail        |    14 |    31 |       |       |       |       ||    45
         Plate armour      |       |    33 |    91 |   265 |   509 |   590 ||  1488
  Dodge: Dodged            |    47 |    38 |   109 |   367 |   872 |  1116 ||  2549

Table legend: (Time is in decaauts)
 A = Elapsed time spent in this place.
 B = Non-inter-level travel time spent in this place.
 C = Inter-level travel time spent in this place.
 D = Time resting spent in this place.
 E = Time spent auto-exploring this place.
 F = Levels seen in this place.
 G = Mean time per level.
                   A        B        C        D        E       F      G
               +--------+--------+--------+--------+--------+-----+--------+
         Total |  40054 |  38127 |   1927 |   6506 |  26459 |  31 | 1292.1 |
       Dungeon |  15866 |  14828 |   1038 |   1165 |  11682 |  15 | 1057.7 |
          Lair |   8064 |   7635 |    429 |    486 |   6137 |   5 | 1612.8 |
         Swamp |   4317 |   4210 |    107 |    994 |   2695 |   4 | 1079.2 |
   Spider Nest |   8430 |   8211 |    219 |   2789 |   4309 |   4 | 2107.5 |
  Orcish Mines |   1618 |   1486 |    132 |    551 |    741 |   2 |  809.0 |
      Ice Cave |   1756 |   1756 |      0 |    521 |    893 |   1 | 1756.0 |
               +--------+--------+--------+--------+--------+-----+--------+

Top non-repeatable levels by time:
Spider:1: 3217 daAuts
  Lair:5: 2569 daAuts
Spider:4: 2421 daAuts
  Lair:3: 2097 daAuts
 Swamp:1: 1891 daAuts
    D:14: 1820 daAuts
   IceCv: 1756 daAuts
Spider:2: 1689 daAuts
     D:9: 1632 daAuts
  Lair:1: 1345 daAuts
    D:13: 1327 daAuts
 Swamp:2: 1185 daAuts
     D:7: 1176 daAuts
    D:11: 1170 daAuts
    D:12: 1167 daAuts
